 Dungeon Crawl Stone Soup version 0.16-a0-890-g98fc465 (webtiles) character file.

6630 RobertPalmer the Octopoid Disaster (level 11, 0/59 (63) HPs)
             Began as an Octopode Wanderer on Sept 29, 2014.
             Was a Believer of Qazlal.
             Slain by a sky beast (6 damage)
             ... on Level 10 of the Dungeon.
             The game lasted 00:27:21 (12137 turns).

RobertPalmer the Octopoid Disaster (OpWn)          Turns: 12137, Time: 00:27:22

HP   0/59 (63)   AC  1     Str 14      XL: 11   Next:  2%
MP  16/25        EV 16     Int 14      God: Qazlal [**....]
Gold 626         SH  6     Dex 16      Spells:  0 memorised, 10 levels left

rFire  + . .     SeeInvis +     a - +3 whip (vamp)
rCold  . . .     Clarity  .     b - +0 buckler
rNeg   + . .     rCorr    .     (helmet restricted)
rPois  .         rRot     .     (no amulet)
rElec  .         Spirit   .     f - +1 ring of strength
SustAb .         Warding  .     i - ring of flight
rMut   .         Stasis   .     t - +2 ring of dexterity
Gourm  .                        y - ring of see invisible
MR     .....                    C - ring of positive energy
                                G - ring of protection from fire
                                (no ring)
                                (no ring)

@: not resistant to hostile enchantments, stealthy
A: almost no armour, amphibious, 8 rings, constrict 8, camouflage 1, gelatinous
body 1
a: Upheaval, Renounce Religion, Evoke Flight


You were on level 10 of the Dungeon.
You worshipped Qazlal.
Qazlal was pleased with you.
You were hungry.

You visited 2 branches of the dungeon, and saw 11 of its levels.

You collected 626 gold pieces.


Innate Abilities, Weirdness & Mutations

You cannot wear most types of armour.
You are amphibious.
You can wear up to eight rings at the same time.
You can use your tentacles to constrict many enemies at once.
Your skin changes colour to match your surroundings (Stealth).
Your rubbery body absorbs attacks (AC +1).


   Skills:
 - Level 1.0 Fighting
   Level 1.0 Short Blades
 - Level 10.0 Maces & Flails
 + Level 8.3 Dodging
 - Level 5.3 Stealth
 - Level 3.0 Unarmed Combat
 - Level 10.8 Invocations


You had 10 spell levels left.
You didn't know any spells.

Inventory:

Hand weapons
 a - a +3 vampiric whip (weapon)
 x - a -2 executioner's axe
 F - a +0 dire flail of holy wrath
Missiles
 I - 5 javelins of returning (quivered)
Armour
 b - a +0 buckler (worn)
Magical devices
 k - a wand of slowing (0)
 p - a wand of lightning (0)
 r - a wand of heal wounds (3) {!d}
 s - a wand of magic darts (0)
 B - a wand of frost (10)
 K - a wand of random effects (0)
Comestibles
 g - 7 bread rations
 m - a beef jerky
 v - 2 rotting chunks of giant frog flesh {@*1}
 z - 5 fruits
 H - a slice of pizza
Scrolls
 e - 3 scrolls of teleportation
 n - 4 scrolls of blinking
 o - 4 scrolls of amnesia
 w - 7 scrolls of remove curse
 A - a scroll of magic mapping
Jewellery
 f - a +1 ring of strength (left tentacle)
 i - a ring of flight (right tentacle)
 t - a +2 ring of dexterity (on tentacle)
 y - a ring of see invisible (on tentacle)
 C - a ring of positive energy (on tentacle)
 G - a ring of protection from fire (on tentacle)
Potions
 c - 6 potions of curing
 d - a potion of invisibility {unknown}
 h - a potion of flight {unknown}
 j - 2 potions of cure mutation
 l - a potion of magic {unknown}
 q - a potion of haste
 u - 2 potions of restore abilities {unknown}
 D - a potion of cancellation {unknown}
 E - a potion of might
 J - a potion of berserk rage {unknown}
 L - a potion of experience {unknown}

Dungeon Overview and Level Annotations

Branches:
Dungeon (10/15)            Temple (1/1) D:4
    Orc: D:9-12        Lair: D:8-11

Altars:
Ashenzari
Cheibriados
Elyvilon
Gozag
Kikubaaqudgha
Makhleb
Nemelex Xobeh
Okawaru
Qazlal
Sif Muna
Trog
Vehumet
Xom
Zin
The Shining One

Shops:
D:4 % D:10

[ # #.......# #. ##.....##
##.. ###...# .....# ##..#
......# ##..# ..#§§..###
#...#
≈≈≈§......########...#####
≈≈≈§§§...Y.§..##...........
.#.≈§≈..§#@§...%...........
.§.§§≈#.####..............
##..≈≈..# #..............
#..≈≈..# #...####....#..
..§§≈#.# ##..## #... ..
≈≈§§..# #...# .. .. ≈....#
#...# .. .#....###..## #.
........)..# #.


You could see a sky beast.


Message History

You completely miss the steam dragon. You squeeze the steam dragon.
You kill the steam dragon!
Qazlal accepts your kill.
You closely miss the sky beast. The sky beast hits you.
The sky beast shocks you.
* * * LOW HITPOINT WARNING * * *
You hit the sky beast but do no damage. You hit the sky beast but do no damage.
The sky beast hits you.
* * * LOW HITPOINT WARNING * * *
The sky beast shocks you.
* * * LOW HITPOINT WARNING * * *
You whack the sky beast!
You feel better.
The sky beast is moderately wounded.
You completely miss the sky beast.
The sky beast is moderately wounded.
The sky beast misses you.
You hit the sky beast. You squeeze the sky beast!
The sky beast is severely wounded.
The sky beast hits you.
* * * LOW HITPOINT WARNING * * *
The sky beast shocks you.
* * * LOW HITPOINT WARNING * * *
You closely miss the sky beast.
The sky beast is severely wounded.
You hit the sky beast.
The sky beast is almost dead.
The sky beast hits you.
* * * LOW HITPOINT WARNING * * *
The sky beast shocks you.
You die...

Action                   |  1- 3 |  4- 6 |  7- 9 | 10-12 || total
-------------------------+-------+-------+-------+-------++-------
Melee: Club              |    20 |       |       |       ||    20
       Whip              |    58 |   110 |   414 |   259 ||   841
Throw: Javelin           |       |       |       |    19 ||    19
Invok: Upheaval          |       |       |     2 |     9 ||    11
Evoke: Wand              |       |     3 |    27 |    13 ||    43
  Use: Scroll            |    10 |     1 |     5 |     2 ||    18
       Potion            |       |       |     4 |     1 ||     5
 Stab: Sleeping          |     7 |     8 |       |       ||    15
       Distracted        |       |     1 |       |       ||     1
  Eat: Bread ration      |     1 |       |       |       ||     1
       Chunk             |     2 |     7 |    12 |     9 ||    30
       Pizza             |       |       |     1 |       ||     1
       Royal jelly       |       |       |     1 |       ||     1
       Beef jerky        |       |       |       |     1 ||     1

Vault maps used:
D:1:      roderic_crop_circles_arrival_small, okawaru_ov_weapons_minmay
D:2:      kennysheep_six_static_rooms, kennysheep_decorative_pillar,
          grunt_gozag_breadcrumbs
D:3:      old_standard_altar, lemuel_coloured_pillars_altar,
          kiku_gazebo_pond_becter, minmay_misc_feat_pillars, uniq_natasha
D:4:      vehumet_altar_wand_db, minmay_temple_entry_butterflies, serial_shops,
          nicolae_shop_trees, first_bread, cheibriados_altar_wand_db,
          uniq_eustachio
D:5:      old_forge, uniq_edmund, uniq_blork_the_orc, uniq_menkaure
D:6:      lemuel_upstairs_altar, kennysheep_little_box, elyvilon_altar_4
D:7:      xom_butterflies, the_bakery
D:8:      trog_ov_bears_minmay, basic_altar, uniq_psyche, uniq_prince_ribbit1
D:9:      uniq_joseph
D:10:     david_orc_5, serial_shops, shop, basic_altar, hangedman_misty_isle
Temple:   circular_temple_12

Notes
Turn   | Place    | Note
--------------------------------------------------------------
     0 | D:1      | RobertPalmer, the Octopode Wanderer, began the quest for the Orb.
     0 | D:1      | Reached XP level 1. HP: 13/13 MP: 1/1
    46 | D:1      | Reached skill level 1 in Maces & Flails
   303 | D:1      | Reached XP level 2. HP: 16/18 MP: 2/2
   346 | D:1      | Found an iron altar of Okawaru.
   393 | D:1      | Reached skill level 2 in Maces & Flails
   931 | D:2      | Reached XP level 3. HP: 23/23 MP: 3/3
   997 | D:2      | Found an opulent altar of Gozag.
  1287 | D:2      | Reached skill level 3 in Maces & Flails
  1550 | D:3      | Noticed Natasha
  1553 | D:3      | Killed Natasha
  1553 | D:3      | Reached XP level 4. HP: 28/28 MP: 4/4
  1649 | D:3      | Found a white marble altar of Elyvilon.
  1771 | D:3      | Reached skill level 4 in Maces & Flails
  1953 | D:3      | Found a snail-covered altar of Cheibriados.
  2048 | D:3      | Reached XP level 5. HP: 17/33 MP: 5/5
  2190 | D:3      | Noticed Natasha
  2205 | D:3      | Killed Natasha
  2394 | D:3      | Noticed Natasha
  2400 | D:3      | Killed Natasha
  2416 | D:3      | Found an ancient bone altar of Kikubaaqudgha.
  2894 | D:4      | Found a staircase to the Ecumenical Temple.
  2904 | Temple   | Entered the Ecumenical Temple
  2917 | Temple   | Became a worshipper of Qazlal Stormbringer
  2945 | D:4      | Reached skill level 5 in Maces & Flails
  3095 | D:4      | Reached XP level 6. HP: 21/38 MP: 6/6
  3438 | D:4      | Found Shraseoc's Food Boutique.
  3463 | D:4      | Found a radiant altar of Vehumet.
  3490 | D:4      | Noticed Eustachio
  3501 | D:4      | Killed Eustachio
  3501 | D:4      | Reached skill level 6 in Maces & Flails
  3795 | D:4      | Reached XP level 7. HP: 43/43 MP: 7/7
  3803 | D:4      | Reached skill level 7 in Maces & Flails
  3964 | D:4      | Found a snail-covered altar of Cheibriados.
  4123 | D:4      | Acquired Qazlal's first power
  4338 | D:5      | Entered Level 5 of the Dungeon
  4453 | D:5      | Reached skill level 8 in Maces & Flails
  4483 | D:5      | Reached XP level 8. HP: 41/48 MP: 8/8
  4542 | D:5      | Reached skill level 9 in Maces & Flails
  4819 | D:5      | Noticed Menkaure
  4836 | D:5      | Killed Menkaure
  4847 | D:5      | Noticed Edmund
  4866 | D:5      | Killed Edmund
  4879 | D:5      | Reached skill level 10 in Maces & Flails
  5022 | D:5      | Reached skill level 2 in Dodging
  5064 | D:5      | Acquired Qazlal's second power
  5074 | D:5      | Reached skill level 3 in Dodging
  5186 | D:5      | Noticed Blork the orc
  5198 | D:5      | Killed Blork the orc
  5229 | D:5      | Reached skill level 4 in Dodging
  5552 | D:6      | Found an iron altar of Okawaru.
  5593 | D:6      | Reached XP level 9. HP: 51/53 MP: 9/9
  5755 | D:6      | Reached skill level 5 in Dodging
  6296 | D:6      | Reached skill level 6 in Dodging
  6459 | D:6      | Found a white marble altar of Elyvilon.
  6874 | D:7      | Found a shimmering altar of Xom.
  7050 | D:7      | Reached skill level 7 in Dodging
  7573 | D:7      | Reached skill level 1 in Invocations
  7578 | D:7      | Reached skill level 2 in Invocations
  7599 | D:7      | Reached skill level 3 in Invocations
  7850 | D:7      | Acquired Qazlal's third power
  8352 | D:8      | Reached skill level 4 in Invocations
  8385 | D:8      | Reached skill level 5 in Invocations
  8432 | D:8      | Noticed Prince Ribbit
  8440 | D:8      | HP: 1/53 [Prince Ribbit (14)]
  8443 | D:8      | Killed Prince Ribbit
  8443 | D:8      | Reached skill level 6 in Invocations
  8559 | D:8      | Reached XP level 10. HP: 43/58 MP: 20/20
  8599 | D:8      | Noticed Psyche
  8613 | D:8      | Killed Psyche
  8613 | D:8      | Reached skill level 7 in Invocations
  8855 | D:8      | Found a burning altar of Makhleb.
  9016 | D:8      | Reached skill level 8 in Invocations
  9297 | D:8      | HP: 2/58 [two-headed ogre/dire flail (26)]
  9741 | D:8      | Found a bloodstained altar of Trog.
  9815 | D:9      | Reached skill level 9 in Invocations
 10326 | D:9      | Reached skill level 10 in Invocations
 10359 | D:9      | Noticed Joseph
 10436 | D:9      | Killed Joseph
 11313 | D:10     | Entered Level 10 of the Dungeon
 11314 | D:10     | Found Tuirph's Armour Shop.
 12083 | D:10     | Reached skill level 8 in Dodging
 12109 | D:10     | Reached XP level 11. HP: 32/59 MP: 20/25
 12137 | D:10     | Slain by a sky beast

Vanquished Creatures
  Joseph (D:9)
  Psyche (D:8)
  A troll (D:9)
  2 two-headed ogres (D:8)
  Prince Ribbit (D:8)
  3 yaks (D:9)
  Eustachio (D:4)
  A hungry ghost (D:9)
  A spriggan (D:7)
  A steam dragon (D:10)
  Edmund (D:5)
  Menkaure (D:5)
  2 orc warriors
  3 necrophages
  2 black bears (D:8)
  5 ogres
  2 sky beasts
  5 centaurs
  2 phantoms
  Blork the orc (D:5)
  A giant frog (D:10)
  An insubstantial wisp (D:9)
  A gnoll sergeant (D:6)
  4 scorpions (D:5)
  5 wights (D:8)
  6 killer bees (D:7)
  4 hounds
  2 giant frog zombies (D:5)
  A goliath beetle (D:6)
  5 crimson imps
  3 orc priests
  3 giant frog skeletons
  2 jellies
  A quasit (D:8)
  3 worker ants
  A two-headed ogre zombie (D:9)
  Natasha (thrice) (D:3)
  An iguana (D:4)
  3 orc wizards
  An ogre skeleton (D:4)
  9 gnolls
  8 adders
  3 giant mites (D:5)
  2 worms
  A giant gecko (D:1)
  An ooze (D:1)
  31 orcs
  4 giant cockroaches
  12 goblins
  9 hobgoblins
  12 jackals
  8 kobolds
  4 quokkas
  A ball python (D:7)
  17 bats
  3 giant newts
  A giant spore (D:7)
  A goblin skeleton (D:4)
  A hobgoblin skeleton (D:8)
  12 rats
  20 ballistomycetes (D:7)
  2 butterflies (D:7)
  A fungus (D:5)
  A plant (D:5)
252 creatures vanquished.

Vanquished Creatures (others)
  A quokka (D:6)
1 creature vanquished.

Grand Total: 253 creatures vanquished
